 Dungeon Crawl Stone Soup version 0.19.5 (webtiles) character file.

525 tidbits the Gusty (level 7, -3/41 HPs)
             Began as a High Elf Air Elementalist on Nov 8, 2017.
             Killed by nerve-wracking pain
             ... invoked by Menkaure
              (12 damage)
             ... on level 6 of the Dungeon.
             The game lasted 00:16:03 (1475 turns).

tidbits the Gusty (High Elf Air Elementalist)       Turns: 1475, Time: 00:16:04

Health: -3/41      AC:  3    Str:  7    XL:     7   Next: 2%
Magic:  10/14      EV: 13    Int: 22    God:
Gold:   147        SH:  0    Dex: 15    Spells: 5 memorised, 4 levels left

rFire  . . .     SeeInvis .     i - +0 dagger
rCold  . . .     Gourm    +     a - +0 robe
rNeg   . . .     Faith    .     (no shield)
rPois  .         Spirit   .     (no helmet)
rElec  .         Reflect  .     C - +0 cloak (curse)
rCorr  .         Harm     .     (no gloves)
MR     .....                    (no boots)
Stlth  ++........               f - amulet of the gourmand
                                (no ring)
                                (no ring)

@: repel missiles
A: no striking features
a: no special abilities


You were on level 6 of the Dungeon.
You were hungry.

You visited 1 branch of the dungeon, and saw 6 of its levels.

You collected 147 gold pieces.

Inventory:

Hand Weapons
 i - a +0 dagger (weapon)
   (You found it on level 2 of the Dungeon)
 s - a cursed -1 dagger
   (You took it off an orc on level 5 of the Dungeon)
 v - a +0 shortbow
   (You took it off a centaur on level 6 of the Dungeon)
 w - a +0 shortbow
   (You took it off a centaur on level 6 of the Dungeon)
Missiles
 h - 35 stones (quivered)
 m - 110 arrows
 n - 35 bolts
 t - 2 tomahawks
Armour
 a - a +0 robe (worn)
 e - a +0 ring mail
   (You found it on level 2 of the Dungeon)
 p - a +0 buckler
   (You found it on level 2 of the Dungeon)
 C - a cursed +0 cloak (worn)
   (You found it on level 1 of the Dungeon)
Jewellery
 f - an amulet of the gourmand (around neck)
   (You found it on level 1 of the Dungeon)
Wands
 l - a wand of random effects (29/48)
   (You found it on level 2 of the Dungeon)
Scrolls
 d - a scroll of blinking {unknown}
 g - a scroll of remove curse {unknown}
 j - a scroll of immolation {unknown}
 r - 2 scrolls of identify {unknown}
 u - 2 scrolls of enchant weapon {unknown}
Books
 b - a book of Air

   Spells                             Type                      Level
   a - Shock                          Conjuration/Air              1
   b - Swiftness                      Charms/Air                   2
   c - Repel Missiles                 Charms/Air                   2
   d - Static Discharge               Conjuration/Air              3
   e - Lightning Bolt                 Conjuration/Air              5
 o - a book of Minor Magic
   (You found it on level 3 of the Dungeon)

   Spells                             Type                      Level
   a - Magic Dart                     Conjuration                  1
   b - Blink                          Translocation                2
   c - Call Imp                       Summoning                    2
   d - Repel Missiles                 Charms/Air                   2
   e - Slow                           Hexes                        2
   f - Conjure Flame                  Conjuration/Fire             3
   g - Mephitic Cloud                 Conjuration/Poison/Air       3
Comestibles
 c - 3 bread rations
 k - 4 fruits
 q - a beef jerky


   Skills:
 + Level 0.0 Fighting
 - Level 2.1 Dodging
 - Level 2.1 Stealth
 + Level 4.1 Spellcasting
 * Level 5.3 Conjurations
 * Level 6.6 Air Magic


You had 4 spell levels left.
You knew the following spells:

 Your Spells              Type           Power        Failure   Level  Hunger
a - Shock                 Conj/Air       ####         1%          1    None
b - Blink                 Tloc           N/A          17%         2    #......
d - Static Discharge      Conj/Air       ####....     2%          3    ##.....
m - Repel Missiles        Chrm/Air       ###...       6%          2    #......
W - Swiftness             Chrm/Air       ###.....     6%          2    #......


Dungeon Overview and Level Annotations

Branches:
Dungeon (6/15)
 Temple: D:4-7

Altars:
Ashenzari
Ru
The Shining One

Annotations:
D:6 Menkaure


Message History

The zap hits the bullfrog zombie.
The bullfrog zombie is severely damaged.
The bullfrog zombie hits you. x2
Casting: Shock
Confirm with . or Enter, or press ? or * to list all spells.
Aiming: Shock
Press: ? - help, Shift-Dir - straight line The zap hits the bullfrog zombie.
The bullfrog zombie is severely damaged.
The zap hits the bullfrog zombie.
The bullfrog zombie is almost destroyed.
The bullfrog zombie hits you.
Casting: Shock
Confirm with . or Enter, or press ? or * to list all spells.
Aiming: Shock
Press: ? - help, Shift-Dir - straight line The zap hits the bullfrog zombie.
The bullfrog zombie is almost destroyed.
The zap misses the bullfrog zombie.
The bullfrog zombie barely misses you.
Wield which item (- for none, * to show all)? (? for menu, Esc to quit)
i - a +0 dagger (weapon)
The bullfrog zombie barely misses you.
You hit the bullfrog zombie.
You destroy the bullfrog zombie!
You have reached level 7!
You see here an arrow.
m - 75 arrows (gained 1)
Things that are here:
a shortbow; 18 arrows; a centaur corpse
v - a shortbow;
m - 93 arrows (gained 18) Wield which item (- for none, * to show all)? (? for menu, Esc to quit)
Okay, then.
You open the door.
There is an open door here.
You see here an arrow.
m - 94 arrows (gained 1)
Things that are here:
an arrow; an adder skeleton
m - 95 arrows (gained 1)
Things that are here:
15 arrows; an uncursed shortbow; a centaur skeleton
w - an uncursed shortbow;
m - 110 arrows (gained 15)
You see here a scroll labeled YNTEEM SOIFIM.
u - 2 scrolls labeled YNTEEM SOIFIM (gained 1)
You open the door.
There is an open door here.
Found two faded altars of an unknown god.
Found a faded altar of an unknown god.
Found a faded altar of an unknown god.
Found a glowing golden altar of the Shining One.
You are feeling hungry.
There is an open door here.
Okay, then.
Unknown command.
Menkaure, Prince of Dust comes into view.
Menkaure shouts!
Menkaure breathes soot at you.
Menkaure gestures wildly while chanting.
Menkaure seems to speed up.
Menkaure breathes soot at you.
There is an open door here.
Menkaure barely misses you.
Casting: Shock
Confirm with . or Enter, or press ? or * to list all spells.
Aiming: Shock
Press: ? - help, Shift-Dir - straight line The zap hits Menkaure.
Menkaure is moderately damaged.
The zap hits Menkaure.
Menkaure is moderately damaged.
Menkaure barely misses you.
Casting: Shock
Confirm with . or Enter, or press ? or * to list all spells.
Aiming: Shock
Press: ? - help, Shift-Dir - straight line The zap hits Menkaure.
Menkaure is heavily damaged.
The zap hits Menkaure.
Menkaure is almost destroyed.
Menkaure calls on the powers of darkness!
Your body is wracked with pain!
Casting: Shock
Confirm with . or Enter, or press ? or * to list all spells.
Aiming: Shock
Press: ? - help, Shift-Dir - straight line The zap hits Menkaure.
Menkaure is almost destroyed.
The zap misses Menkaure.
Menkaure hits you!
* * * LOW HITPOINT WARNING * * *
Casting: Shock
Confirm with . or Enter, or press ? or * to list all spells.
Aiming: Shock
Press: ? - help, Shift-Dir - straight line The zap hits Menkaure.
Menkaure appears unharmed.
Menkaure is almost destroyed.
The zap hits Menkaure.
Menkaure is almost destroyed.
Menkaure gestures at you while chanting.
Pain shoots through your body!
You die...

... #..# #..# #......## ...
###..## #..#####.....#
...#####.....###...........รท####.
....##........#..................
.................................
.........####M...........#....##.
.......### ##..#'#....###..###
.......##########M###### ##..#
...........##...@.....## #....
.........###..#######..####.....
...M.....#_..###_._###.._# ...##.
.........###..##...##..### ..#..
...........##.........## .....
............####...#### ....
............ ##_## ...
............ ### #. ........... #


You could see Menkaure.

Vanquished Creatures
  An ogre (D:5)
  2 centaurs (D:6)
  A bullfrog zombie (D:6)
  2 hounds
  A jelly (D:5)
  2 orc priests (D:5)
  A worker ant (D:4)
  4 adders
  A dart slug (D:2)
  4 leopard geckos
  5 orcs (D:5)
  2 giant cockroaches
  5 hobgoblins
  6 jackals
  A ball python (D:1)
  2 bats
  A frilled lizard (D:2)
  7 goblins
  3 kobolds (D:2)
  5 rats
56 creatures vanquished.

Vanquished Creatures (others)
  An adder (D:6)
1 creature vanquished.

Grand Total: 57 creatures vanquished

Notes
Turn   | Place    | Note
-------+----------+-------------------------------------------
     0 | D:1      | tidbits the High Elf Air Elementalist began the quest for the Orb.
     0 | D:1      | Reached XP level 1. HP: 11/11 MP: 4/4
   303 | D:2      | Reached XP level 2. HP: 17/17 MP: 3/6
   385 | D:2      | Reached skill level 2 in Conjurations
   385 | D:2      | Reached skill level 4 in Air Magic
   393 | D:2      | Found a shattered altar of Ashenzari.
   467 | D:2      | Reached XP level 3. HP: 5/21 MP: 5/8
   550 | D:2      | Found a sacrificial altar of Ru.
   576 | D:3      | Learned a level 3 spell: Static Discharge
   579 | D:3      | Learned a level 2 spell: Blink
   746 | D:3      | Reached skill level 3 in Spellcasting
   746 | D:3      | Reached skill level 3 in Conjurations
   746 | D:3      | Reached XP level 4. HP: 11/27 MP: 1/9
   773 | D:3      | Learned a level 2 spell: Swiftness
   841 | D:4      | Reached skill level 5 in Air Magic
   918 | D:5      | Entered Level 5 of the Dungeon
   964 | D:5      | Reached XP level 5. HP: 25/31 MP: 7/10
  1101 | D:5      | Reached skill level 4 in Conjurations
  1127 | D:6      | Noticed a centaur
  1132 | D:6      | Killed a centaur
  1132 | D:6      | Reached XP level 6. HP: 13/36 MP: 4/12
  1223 | D:5      | Learned a level 2 spell: Repel Missiles
  1262 | D:5      | Reached skill level 6 in Air Magic
  1301 | D:5      | Reached skill level 5 in Conjurations
  1341 | D:6      | Reached skill level 4 in Spellcasting
  1347 | D:6      | Reached XP level 7. HP: 27/41 MP: 0/14
  1417 | D:6      | Found a faded altar of an unknown god.
  1417 | D:6      | Found a faded altar of an unknown god.
  1422 | D:6      | Found a faded altar of an unknown god.
  1424 | D:6      | Found a faded altar of an unknown god.
  1425 | D:6      | Found a glowing golden altar of the Shining One.
  1452 | D:6      | Noticed Menkaure
  1475 | D:6      | Killed from afar by Menkaure

Skill      XL: |  1  2  3  4  5  6 |
---------------+-------------------+-----
Conjurations   | 2 3 4 5 |  5.3
Air Magic      | 4 5 6 |  6.6
Spellcasting   | 3 4 |  4.1
Dodging        | |  2.1
Stealth        | |  2.1

Action                   |  1- 3 |  4- 6 |  7- 9 || total
-------------------------+-------+-------+-------++-------
Melee: Dagger            |     1 |     1 |       ||     2
 Cast: Shock             |    59 |    43 |     4 ||   106
       Static Discharge  |       |     6 |       ||     6
       Repel Missiles    |       |     1 |       ||     1
  Use: Potion            |     3 |       |       ||     3
  Eat: Chunk             |       |     2 |       ||     2
Armor: Robe              |     7 |     2 |       ||     9
Dodge: Dodged            |    29 |    19 |     2 ||    50
       Deflected         |       |     1 |       ||     1

Table legend:
 A = Turns spent in this place as a percentage of turns spent in the entire game.
 B = Non-inter-level travel turns spent in this place as a percentage of non-inter-level travel turns spent in the entire game.
 C = Inter-level travel turns spent in this place as a percentage of turns spent in this place.
 D = Turns resting spent in this place as a percentage of non-inter-level travel turns spent in this place.
 E = Turns spent auto-exploring this place as a percentage of non-inter-level travel turns spent in this place.
 F = Non-inter-level travel turns spent in this place divided by the number of levels of this place that you've seen.
                   A       B       C       D       E      F
               +-------+-------+-------+-------+-------+----------------------
         Total | 100.0 | 100.0 |   0.0 |   0.0 |   0.0 | 249.8
       Dungeon | 100.0 | 100.0 |   0.0 |   0.0 |   0.0 | 249.8
               +-------+-------+-------+-------+-------+----------------------

Table legend:
 A = Kills in this place as a percentage of kills in entire the game.
 B = Kills by you in this place as a percentage of kills by you in the entire game.
 C = Kills by friends in this place as a percentage of kills by friends in the entire game.
 D = Other kills in this place as a percentage of other kills in the entire game.
 E = Experience gained in this place as a percentage of experience gained in the entire game.
 F = Experience gained in this place divided by the number of levels of this place that you have seen.
                   A       B       C       D       E      F
               +-------+-------+-------+-------+-------+----------------------
         Total | 100.0 | 100.0 |  -nan |  -nan | 100.0 | 125.2
       Dungeon | 100.0 | 100.0 |  -nan |  -nan | 100.0 | 125.2
               +-------+-------+-------+-------+-------+----------------------

Vault maps used:
D:1:      minmay_arrival_radiant_lines, columned_hall_lemuel
D:2:      evilmike_ruin_ashenzari, nicolae_ru_path_of_blood
D:3:      first_bread
D:4:      minmay_temple_entry_purple_smoke
D:6:      chequers_temple_overflow_minitemple, kennysheep_small_circle,
          uniq_grinder, uniq_menkaure
